AoeStats
← sebi201

Arabia

509715041Analyzed
1v1 RM · 4d ago on Sep 27, 2026· 43m 10s· 2 players
Game mode
Random Map
Map size
Tiny (2 player)
Population
200
Speed
Normal
Resources
Standard
Victory
Conquest
Starting age
Dark Age
Ending age
Imperial Age
RankedLock teamsTeams togetherTeam positionsShared explorationLock speedFull tech treeHidden civsTurbo modeCheats
Victory
Defeat
🇨🇿 Persians · Czechia
797
+17
🇨🇱 Romans · Chile
815
-17
sebi201
6:58 Loom
9:24 Feudal Age
9:44 Double-Bit Axe
10:10 Horse Collar
14:21 Padded Archer Armor
18:31 Fletching
21:50 Castle Age
20:15 Gold Mining
22:30 Husbandry
23:58 Scale Barding Armor
23:54 Scale Mail Armor
24:05 Forging
24:19 Bloodlines
25:36 Heavy Plow
27:06 Wheelbarrow
33:13 Hand Cart
33:56 Chain Mail Armor
34:02 Chain Barding Armor
34:34 Town Watch
35:07 Chain Mail Armor
35:52 Gold Shaft Mining
35:07 Stone Mining
39:20 Town Patrol
39:47 Leather Archer Armor
40:08 Iron Casting
39:29 Bodkin Arrow
42:49 Imperial Age
41:10 Parthian Tactics
40:35 Arson
40:37 Gambesons
41:18 Thumb Ring
41:37 Ballistics
42:55 Elite War Elephant
43:01 Cavalier
Barrosed
7:54 Loom
12:31 Feudal Age
18:25 Castle Age
17:20 Stone Mining
19:44 Double-Bit Axe
20:51 Bloodlines
26:39 Wheelbarrow
28:27 Scale Mail Armor
30:31 Pikeman
35:25 Forging
Connection lost

Rejoining the realm…

Still unreachable

The connection could not be restored.

Session expired

The server has moved on; the page needs a fresh start.